SNL (28 & UNDER)
SANTA FE DIABLOS @ BLACKIRON DRAGONS
07/05/2024
 
TOP OF THE 1ST
Santa Fe Diablos batting - Pitching for BlackIron Dragons : RHP Bill McKinney
Pitching: RHP Bill McKinney
Batting: RHB Emílio Bruno 0-0: Called Strike
0-1: SINGLE (Groundball, 56D)
Batting: RHB Robinson Pacheco 0-0: Called Strike
0-1: Ball
1-1: Ball
2-1: Foul Ball, location: 2F
2-2: Foul Ball, location: 2F
2-2: Foul Ball, location: 2F
2-2: Ball
Emílio Bruno steals 2nd base
3-2: Foul Ball, location: 2F
3-2: Ground out 6-3 (Groundball, 6)
Emílio Bruno to third
Batting: LHB Ricardo Márquez 0-0: Called Strike
0-1: Ball
1-1: Ball
2-1: Ground out U3 (Groundball, 3L)
Batting: SHB António Hernández 0-0: Ground out 4-3 (Groundball, 4)
Top of the 1st over - 0 run(s), 1 hit(s), 0 error(s), 1 left on base; Santa Fe 0 - BlackIron 0
BOTTOM OF THE 1ST
BlackIron Dragons batting - Pitching for Santa Fe Diablos : RHP Tex Perkins
Pitching: RHP Tex Perkins
Batting: RHB Gil Palmer 0-0: Called Strike
0-1: Ball
1-1: Ball
2-1: Ball
3-1: Base on Balls
Batting: RHB José Colón 0-0: Called Strike
0-1: Ball
1-1: Ball
2-1: Grounds into double play, 6-4-3 (Groundball, 56)
Batting: RHB Leroy Jamison 0-0: Ball
1-0: SINGLE (Flyball, 9LS)
Batting: RHB Edgardo Carrasco 0-0: Ball
1-0: Ball
2-0: Called Strike
2-1: Called Strike
2-2: Strikes out swinging
Bottom of the 1st over - 0 run(s), 1 hit(s), 0 error(s), 1 left on base; Santa Fe 0 - BlackIron 0
TOP OF THE 2ND
Santa Fe Diablos batting - Pitching for BlackIron Dragons : RHP Bill McKinney
Batting: RHB Naomi Kitamura 0-0: Ball
1-0: Ball
2-0: Foul Ball, location: 2F
2-1: Foul Ball, location: 2F
2-2: Ground out 5-3 (Groundball, 56S)
Batting: RHB Ray Davis 0-0: Ball
1-0: Ball
2-0: Called Strike
2-1: Foul Ball, location: 2F
2-2: Ground out 5-3 (Groundball, 5S)
Batting: RHB Ánibal Gonzáles 0-0: Ball
1-0: Called Strike
1-1: Ball
2-1: Swinging Strike
2-2: Ball
3-2: Foul Ball, location: 2F
3-2: Strikes out swinging
Top of the 2nd over - 0 run(s), 0 hit(s), 0 error(s), 0 left on base; Santa Fe 0 - BlackIron 0
BOTTOM OF THE 2ND
BlackIron Dragons batting - Pitching for Santa Fe Diablos : RHP Tex Perkins
Batting: RHB Joaquín Rosales 0-0: Ball
1-0: Ball
2-0: Ground out 5-3 (Groundball, 5)
Batting: SHB Rick Turner 0-0: Called Strike
0-1: Ball
1-1: Ball
2-1: Fly out, F9 (Flyball, 9M)
Batting: RHB Eugene Payne 0-0: Foul Ball, location: 2F
0-1: Ball
1-1: Foul Ball, location: 2F
1-2: Foul Ball, location: 2F
1-2: Ball
2-2: Ground out 1-3 (Groundball, 13)
Bottom of the 2nd over - 0 run(s), 0 hit(s), 0 error(s), 0 left on base; Santa Fe 0 - BlackIron 0
TOP OF THE 3RD
Santa Fe Diablos batting - Pitching for BlackIron Dragons : RHP Bill McKinney
Batting: RHB Michael Anderson 0-0: Ball
1-0: SINGLE (Flyball, 9S)
Batting: RHB Keith Jones 0-0: Fly out, F4 (Popup, 4MD)
Batting: RHB Emílio Bruno 0-0: Grounds into double play, U6-3 (Groundball, 6M)
Top of the 3rd over - 0 run(s), 1 hit(s), 0 error(s), 0 left on base; Santa Fe 0 - BlackIron 0
BOTTOM OF THE 3RD
BlackIron Dragons batting - Pitching for Santa Fe Diablos : RHP Tex Perkins
Batting: LHB Donnie Cunningham 0-0: Called Strike
0-1: Ball
1-1: Called Strike
1-2: Ground out 6-3 (Groundball, 56)
Batting: RHB Alfredo Rangel 0-0: Ball
1-0: Ball
2-0: Called Strike
2-1: Swinging Strike
2-2: Foul Ball, location: 2F
2-2: Strikes out looking
Batting: RHB Gil Palmer 0-0: Ball
1-0: Ball
2-0: Ball
3-0: Called Strike
3-1: Fly out, F9 (Flyball, 89M)
Bottom of the 3rd over - 0 run(s), 0 hit(s), 0 error(s), 0 left on base; Santa Fe 0 - BlackIron 0
TOP OF THE 4TH
Santa Fe Diablos batting - Pitching for BlackIron Dragons : RHP Bill McKinney
Batting: RHB Robinson Pacheco 0-0: Ball
1-0: Ball
2-0: Ball
3-0: Base on Balls
Batting: LHB Ricardo Márquez 0-0: Called Strike
0-1: Ball
1-1: Ball
2-1: Called Strike
2-2: Ball
3-2: SINGLE (Line Drive, 7LS)
Robinson Pacheco to second
Batting: SHB António Hernández 0-0: Swinging Strike
0-1: SINGLE (Line Drive, 6MD)
Robinson Pacheco to third
Ricardo Márquez to second
Batting: RHB Naomi Kitamura 0-0: Ball
1-0: Called Strike
1-1: Swinging Strike
1-2: Grounds into double play, 6-4-3 (Groundball, 56)
Robinson Pacheco scores
Ricardo Márquez to third
Batting: RHB Ray Davis 0-0: Called Strike
0-1: Foul Ball, location: 2F
0-2: Strikes out swinging
Top of the 4th over - 1 run(s), 2 hit(s), 0 error(s), 1 left on base; Santa Fe 1 - BlackIron 0
BOTTOM OF THE 4TH
BlackIron Dragons batting - Pitching for Santa Fe Diablos : RHP Tex Perkins
Batting: RHB José Colón 0-0: Called Strike
0-1: Foul Ball, location: 2F
0-2: SINGLE (Line Drive, 78S)
Batting: RHB Leroy Jamison 0-0: Called Strike
0-1: Foul Ball, location: 2F
0-2: Strikes out swinging
Batting: RHB Edgardo Carrasco 0-0: Ball
1-0: SINGLE (Line Drive, 4MD)
José Colón to second
Batting: RHB Joaquín Rosales 0-0: Ball
1-0: Ball
2-0: Ball
3-0: Base on Balls
José Colón to third
Edgardo Carrasco to second
Batting: SHB Rick Turner 0-0: Swinging Strike
0-1: Ball
1-1: Called Strike
1-2: Ball
2-2: Ball
3-2: Strikes out swinging
Batting: RHB Eugene Payne 0-0: Called Strike
0-1: Fly out, F9 (Flyball, 89M)
Bottom of the 4th over - 0 run(s), 2 hit(s), 0 error(s), 3 left on base; Santa Fe 1 - BlackIron 0
TOP OF THE 5TH
Santa Fe Diablos batting - Pitching for BlackIron Dragons : RHP Bill McKinney
Batting: RHB Ánibal Gonzáles 0-0: Called Strike
0-1: Fly out, F9 (Flyball, 89M)
Batting: RHB Michael Anderson 0-0: Called Strike
0-1: Ball
1-1: Called Strike
1-2: Ball
2-2: Strikes out swinging
Batting: RHB Keith Jones 0-0: Ball
1-0: Foul Ball, location: 2F
1-1: Ball
2-1: Foul Ball, location: 2F
2-2: Ground out 6-3 (Groundball, 6)
Top of the 5th over - 0 run(s), 0 hit(s), 0 error(s), 0 left on base; Santa Fe 1 - BlackIron 0
BOTTOM OF THE 5TH
BlackIron Dragons batting - Pitching for Santa Fe Diablos : RHP Tex Perkins
Batting: LHB Donnie Cunningham 0-0: Ball
1-0: Ground out 4-3 (Groundball, 13)
Batting: RHB Alfredo Rangel 0-0: Ball
1-0: Ball
2-0: Ball
3-0: Base on Balls
Batting: RHB Gil Palmer 0-0: Ball
1-0: SINGLE (Line Drive, 8RS)
Alfredo Rangel to second
Batting: RHB José Colón 0-0: Called Strike
0-1: SINGLE (Flyball, 8LM)
Alfredo Rangel to third
Gil Palmer to second
Batting: RHB Leroy Jamison 0-0: Foul Ball, location: 2F
0-1: Ball
1-1: Ball
2-1: Foul Ball, location: 2F
2-2: Foul Ball, location: 2F
2-2: Grounds into double play, 6-4-3 (Groundball, 6)
Bottom of the 5th over - 0 run(s), 2 hit(s), 0 error(s), 2 left on base; Santa Fe 1 - BlackIron 0
TOP OF THE 6TH
Santa Fe Diablos batting - Pitching for BlackIron Dragons : RHP Bill McKinney
Batting: RHB Emílio Bruno 0-0: Called Strike
0-1: Foul Ball, location: 2F
0-2: Ball
1-2: Ball
2-2: Foul Ball, location: 2F
2-2: Ground out 4-3 (Groundball, 4)
Batting: RHB Robinson Pacheco 0-0: Ball
1-0: Called Strike
1-1: Ball
2-1: Swinging Strike
2-2: Foul Ball, location: 2F
2-2: Foul Ball, location: 2F
2-2: Ball
3-2: Base on Balls
Pitching: LHP Frederick Cesti
Batting: LHB Ricardo Márquez 0-0: Ball
1-0: Foul Ball, location: 2F
1-1: Fly out, F3 (Line Drive, 3)
Batting: SHB António Hernández 0-0: Foul Ball, location: 2F
0-1: Ball
1-1: Foul Ball, location: 2F
1-2: Strikes out swinging passed ball, reaches first!
Robinson Pacheco to second
Batting: RHB Naomi Kitamura 0-0: Foul Ball, location: 2F
0-1: Ball
1-1: Called Strike
1-2: Strikes out swinging
Top of the 6th over - 0 run(s), 0 hit(s), 0 error(s), 2 left on base; Santa Fe 1 - BlackIron 0
BOTTOM OF THE 6TH
BlackIron Dragons batting - Pitching for Santa Fe Diablos : RHP Tex Perkins
Batting: RHB Edgardo Carrasco 0-0: Called Strike
0-1: Ball
1-1: Foul Ball, location: 2F
1-2: Ball
2-2: Ball
3-2: Foul Ball, location: 2F
3-2: Strikes out swinging
Batting: RHB Joaquín Rosales 0-0: Ball
1-0: Ground out 3-1 (Groundball, 34)
Batting: SHB Rick Turner 0-0: Ball
1-0: Swinging Strike
1-1: Ground out 3-1 (Groundball, 34S)
Bottom of the 6th over - 0 run(s), 0 hit(s), 0 error(s), 0 left on base; Santa Fe 1 - BlackIron 0
TOP OF THE 7TH
Santa Fe Diablos batting - Pitching for BlackIron Dragons : LHP Frederick Cesti
Batting: RHB Ray Davis 0-0: Called Strike
0-1: Fly out, F8 (Flyball, 8LXD)
Batting: RHB Ánibal Gonzáles 0-0: Foul Ball, location: 2F
0-1: Ball
1-1: Ball
2-1: Ball
3-1: Foul Ball, location: 2F
3-2: Foul Ball, location: 2F
3-2: Strikes out swinging
Batting: RHB Michael Anderson 0-0: Ball
1-0: Ball
2-0: Called Strike
2-1: Ball
3-1: Swinging Strike
3-2: Foul Ball, location: 2F
3-2: Strikes out swinging
Top of the 7th over - 0 run(s), 0 hit(s), 0 error(s), 0 left on base; Santa Fe 1 - BlackIron 0
BOTTOM OF THE 7TH
BlackIron Dragons batting - Pitching for Santa Fe Diablos : RHP Tex Perkins
Batting: RHB Eugene Payne 0-0: Ball
1-0: Called Strike
1-1: Ball
2-1: Swinging Strike
2-2: Ball
3-2: Foul Ball, location: 2F
3-2: Base on Balls
Pitching: LHP Daniel Draper
Batting: LHB Donnie Cunningham 0-0: Bunt missed!
0-1: Ball
1-1: Sac Bunt - play at first, batter OUT! 1-4
Eugene Payne to second
Batting: RHB Alfredo Rangel 0-0: Ball
1-0: Ball
2-0: Fly out, F8 (Flyball, 8LM)
Pinch Hitting: RHB Brian Jackson 0-0: Swinging Strike
0-1: Foul Ball, location: 2F
0-2: Ball
1-2: Ground out 4-3 (Groundball, 4)
Bottom of the 7th over - 0 run(s), 0 hit(s), 0 error(s), 1 left on base; Santa Fe 1 - BlackIron 0
TOP OF THE 8TH
Santa Fe Diablos batting - Pitching for BlackIron Dragons : LHP Frederick Cesti
Now in RF: Raúl Leal
Batting: RHB Keith Jones 0-0: Swinging Strike
0-1: Ball
1-1: Ball
2-1: Swinging Strike
2-2: Strikes out swinging
Pitching: RHP Johnathan McJannett
Batting: RHB Emílio Bruno 0-0: Fly out, F8 (Flyball, 8LM)
Batting: RHB Robinson Pacheco 0-0: Swinging Strike
0-1: Ground out 5-3 (Groundball, 56)
Top of the 8th over - 0 run(s), 0 hit(s), 0 error(s), 0 left on base; Santa Fe 1 - BlackIron 0
BOTTOM OF THE 8TH
BlackIron Dragons batting - Pitching for Santa Fe Diablos : LHP Daniel Draper
Batting: RHB José Colón 0-0: Swinging Strike
0-1: Foul Ball, location: 2F
0-2: Ball
1-2: Ball
2-2: Foul Ball, location: 2F
2-2: Ball
3-2: Ground out 6-3 (Groundball, 6)
Batting: RHB Leroy Jamison 0-0: Ball
1-0: Ball
2-0: Foul Ball, location: 2F
2-1: Ball
3-1: Base on Balls
Batting: RHB Edgardo Carrasco 0-0: Ball
1-0: Ball
2-0: Called Strike
2-1: Swinging Strike
2-2: Ball
3-2: SINGLE (Groundball, 5D)
Leroy Jamison to second
Batting: RHB Joaquín Rosales 0-0: SINGLE (Line Drive, 8LS)
Leroy Jamison to third
Edgardo Carrasco to second
Batting: SHB Rick Turner 0-0: Called Strike
0-1: Grounds into double play, 5-4-3 (Groundball, 56)
Bottom of the 8th over - 0 run(s), 2 hit(s), 0 error(s), 2 left on base; Santa Fe 1 - BlackIron 0
TOP OF THE 9TH
Santa Fe Diablos batting - Pitching for BlackIron Dragons : RHP Johnathan McJannett
Pitching: RHP António García
Batting: LHB Ricardo Márquez 0-0: Ball
1-0: Ball
2-0: Ball
3-0: Called Strike
3-1: Base on Balls
Batting: SHB António Hernández 0-0: Called Strike
0-1: Ball
1-1: Called Strike
1-2: Ball
2-2: Strikes out swinging
Batting: RHB Naomi Kitamura 0-0: Called Strike
0-1: Ball
1-1: Called Strike
1-2: Strikes out swinging
Pinch Hitting: RHB Orlando González 0-0: Ball
1-0: Ball
2-0: Foul Ball, location: 2F
2-1: Swinging Strike
2-2: Foul Ball, location: 2F
2-2: Ball
3-2: Strikes out swinging
Top of the 9th over - 0 run(s), 0 hit(s), 0 error(s), 1 left on base; Santa Fe 1 - BlackIron 0
BOTTOM OF THE 9TH
BlackIron Dragons batting - Pitching for Santa Fe Diablos : LHP Daniel Draper
Pitching: RHP Kenshin Kubota
Now at 2B: George Adams
Now in CF: Richard Pendergast
Pinch Hitting: LHB Leonard Young 0-0: Ball
1-0: Ball
2-0: Fly out, F5 (Popup, 2R)
Batting: LHB Donnie Cunningham 0-0: Ball
1-0: Called Strike
1-1: Swinging Strike
1-2: Ball
2-2: Ball
3-2: Base on Balls
Batting: RHB Alfredo Rangel 0-0: Ball
1-0: Ball
2-0: Fly out, F7 (Flyball, 7M)
Batting: LHB Raúl Leal 0-0: Foul Ball, location: 2F
0-1: Ball
1-1: Ball
2-1: Ball
3-1: Base on Balls
Donnie Cunningham to second
Batting: RHB José Colón 0-0: Swinging Strike
0-1: SINGLE (Line Drive, 56D)
Donnie Cunningham to third
Raúl Leal to second
Runner from 3rd tries for Home, SAFE, no throw or cutoff
Batting: RHB Leroy Jamison 0-0: Called Strike
0-1: Swinging Strike
0-2: SINGLE (Groundball, 4MD)
Raúl Leal to third
José Colón to second
Runner from 3rd tries for Home, SAFE, no throw or cutoff
This league is powered by Out of the Park Baseball, the baseball management simulation game for PC, Mac and Linux
Saturday, April 9th, 2016 - OOTP Baseball 16.8 Build 38